 Dungeon Crawl Stone Soup version 0.25-a0-589-g1e14c549ee (webtiles) character file.

Game seed: 13723566777156912163, levelgen mode: deterministic

135 Esekla the Ducker (level 4, -2/21 HPs)
             Began as a Spriggan Artificer on Mar 10, 2020.
             Slain by an iron imp (7 damage)
             ... summoned by Natasha
             ... on level 2 of the Dungeon.
             The game lasted 00:13:41 (4092 turns).

Esekla the Ducker (Spriggan Artificer)              Turns: 4092, Time: 00:13:42

Health: -2/21      AC:  3    Str:  8    XL:     4   Next: 97%
Magic:  8/8        EV: 21    Int: 13    God:
Gold:   102        SH:  0    Dex: 16    Spells: 3/3 levels left

rFire    . . .     SeeInvis +   a - +0 short sword
rCold    + + .     Gourm    .   (shield restricted)
rNeg     . . .     Faith    .   m - +1 robe {rC+}
rPois    .         Spirit   .   (helmet restricted)
rElec    .         Reflect  .   (no cloak)
rCorr    .         Harm     .   (gloves unavailable)
MR       .....                  (boots unavailable)
Stlth    ++........             (no amulet)
HPRegen  0.07/turn              j - ring of protection from cold
MPRegen  0.11/turn              (no ring)

@: very quick
A: very small, unfitting armour, see invisible, herbivore, speed 3, slow
metabolism 2
a: no special abilities


You were on level 2 of the Dungeon.
You were not hungry.

You visited 1 branch of the dungeon, and saw 2 of its levels.

You collected 102 gold pieces.

Inventory:

Hand Weapons
 a - a +0 short sword (weapon)
Missiles
 o - 3 poisoned darts (quivered)
Armour
 b - a +0 leather armour
 m - a +1 robe of cold resistance (worn)
Jewellery
 j - a ring of protection from cold (left hand)
Wands
 c - a wand of flame (15)
 d - a wand of enslavement (15)
 e - a wand of random effects (15)
Scrolls
 g - 3 scrolls of teleportation {unknown}
 h - 2 scrolls of remove curse {unknown}
 n - a scroll of enchant armour {unknown}
Potions
 i - a potion of lignification {unknown}
 k - a potion of berserk rage {unknown}
 l - a potion of resistance {unknown}
Comestibles
 f - 3 rations


   Skills:
 - Level 0.7 Fighting
 * Level 3.4 Short Blades
 * Level 5.6 Dodging
 + Level 2.9 Stealth
 - Level 4.0 Evocations


You had 3 spell levels left.
You didn't know any spells.
Your spell library was empty.

Dungeon Overview and Level Annotations

Branches:
Dungeon (2/15)

Altars:

Annotations:
D:2 Natasha


Innate Abilities, Weirdness & Mutations

You are very small and have problems with some larger weapons.
You are too small for most types of armour.
You have supernaturally acute eyesight. (SInv)
You are a herbivore.
You cover ground extremely quickly.
You need to consume almost no food.


Message History

Natasha barely misses you.
You hit Natasha.
Natasha is heavily wounded.
Natasha mumbles some strange words.
You hit Natasha.
Natasha is heavily wounded.
Natasha closely misses you.
You hit Natasha.
Natasha is severely wounded.
Natasha completely misses you.
You barely miss Natasha.
Natasha is severely wounded.
The iron imp hits you!
You hit Natasha but do no damage.
Natasha is severely wounded.
Natasha casts a spell at you. The magic dart hits you!
* * * LOW HITPOINT WARNING * * *
The iron imp hits you!
You die...

### #######.# #.......#
#.#####.# #.# #.# #.#
#.################# ..#
#.....##..........#
#######.....##..h.......##
#...........#..5@.......'.
#.######....#...........#
#...........#...........#
##########.##...........#
#.##...........#
##########.##...........#
..........(.............'
##......##.##...........#
#......##.##.###########


You could see an iron imp and Natasha.

Vanquished Creatures
  A bullfrog skeleton (D:2)
  5 adders (D:2)
  2 dart slugs
  2 worms (D:2)
  2 leopard geckos
  3 giant cockroaches
  6 goblins
  7 hobgoblins
  5 jackals (D:1)
  3 quokkas (D:2)
  A ball python (D:1)
  4 bats
  2 frilled lizards
  3 kobolds
  3 rats
49 creatures vanquished.

Notes
Turn   | Place    | Note
-------+----------+-------------------------------------------
     0 | D:1      | Esekla the Spriggan Artificer began the quest for the Orb.
     0 | D:1      | Reached XP level 1. HP: 9/9 MP: 4/4
   288 | D:1      | Reached XP level 2. HP: 12/14 MP: 6/6
   405 | D:1      | Reached skill level 4 in Dodging
  1117 | D:2      | Reached XP level 3. HP: 9/17 MP: 7/7
  1913 | D:2      | Noticed Natasha
  2222 | D:1      | Reached skill level 5 in Dodging
  2299 | D:1      | Reached XP level 4. HP: 17/21 MP: 8/8
  3336 | D:2      | HP: 1/21 [bullfrog skeleton (4)]
  4092 | D:2      | Slain by an iron imp

Levels and vault maps discovered:
D:1:      grunt_arrival_crossed_arrows, layout_basic,
          chequers_serial_rivers_small_b
D:2:      layout_basic, uniq_natasha, uniq_crazy_yiuf_cottage

Skill      XL: |  1  2  3  4 |
---------------+-------------+-----
Dodging        | 4 5 |  5.6
Short Blades   | 2 3 |  3.4
Stealth        | 2 |  2.9
Fighting       | |  0.7
Evocations     | |  4.0

Action                   |  1- 3 |  4- 6 || total
-------------------------+-------+-------++-------
Melee: Short sword       |   190 |   171 ||   361
 Stab: Sleeping          |     8 |     1 ||     9
       Distracted        |     1 |       ||     1
  Eat: Ration            |       |     1 ||     1
Armor: Robe              |    15 |    14 ||    29
Dodge: Dodged            |   163 |   113 ||   276

Table legend:
 A = Non-vault XP
 B = Vault XP
 C = Vault XP percentage of total XP
 D = Non-vault monster count
 E = Vault monster count
 F = Vault count percentage of total count
                 A         B        C        D         E       F
            +---------+---------+-------+---------+---------+-------
      Total |     194 |       0 |   0.0 |      49 |       0 |   0.0
            +---------+---------+-------+---------+---------+-------
        D:1 |      46 |       0 |   0.0 |      24 |       0 |   0.0
        D:2 |     148 |       0 |   0.0 |      25 |       0 |   0.0
            +---------+---------+-------+---------+---------+-------
